 Dungeon Crawl Stone Soup version 0.30.0-19-g36f170ea60 (webtiles) character file.

Game seed: 5905334420057413802

4087 wingedge the Gusty (level 10, -10/70 HPs)
             Began as a Human Wanderer on May 30, 2023.
             Was a Believer of Sif Muna.
             Mangled by an ice devil (14 damage)
             ... summoned by a kobold demonologist
             ... in a bailey.
             The game lasted 00:51:24 (11416 turns).

wingedge the Gusty (Human Wanderer)                Turns: 11416, Time: 00:51:25

Health: -10/70     AC:  7    Str: 11    XL:     10   Next: 50%
Magic:  2/18       EV: 12    Int: 20    God:    Sif Muna [**....]
Gold:   343        SH:  5    Dex: 16    Spells: 5/20 levels left

rFire   + . .        a - +2 quarterstaff of Earthquakes {holy, Int+5}
rCold   . . .        (shield currently unavailable)
rNeg    . . .        G - +2 robe {Will+}
rPois   +            k - +1 helmet of the Bells {rPois rF+}
rElec   .            (no cloak)
rCorr   .            (no gloves)
SInv    .            f - +0 pair of boots
Will    +....        m - amulet of reflection
Stlth   +++          (no ring)
HPRegen 0.31/turn    (no ring)
MPRegen 0.16/turn

%: reflection
@: no status effects
A: no striking features
a: Renounce Religion, Channel Magic


You were in a bailey.
You worshipped Sif Muna.
Sif Muna was pleased with you.
You visited 2 branches of the dungeon, and saw 8 of its levels.
You also visited: Sewer and Bailey.

You collected 343 gold pieces.

Inventory:

Hand Weapons
 a - the +2 quarterstaff of Earthquakes (weapon) {holy, Int+5}
   (You took it off a hobgoblin in a bailey)

   Int:       It affects your intelligence (+5).
 b - a +3 quarterstaff of speed
 H - a +0 rapier
 I - a +1 dagger of pain
 J - a +0 arbalest
 K - a +2 heavy long sword
 M - a +1 heavy war axe
 Q - a +0 spear
Missiles
 e - 15 poisoned darts (quivered)
 D - a throwing net
Armour
 f - a +0 pair of boots (worn)
 k - the +1 helmet of the Bells (worn) {rPois rF+}
   (You found it on level 3 of the Dungeon)

   rF:        It protects you from fire.
   rPois:     It protects you from poison.
 v - a +3 leather armour of fire resistance
 w - an orb of mayhem
 G - a +2 robe of willpower (worn)
 N - a +0 buckler
 O - a +3 leather armour of cold resistance
Magical Staves
 C - a staff of fire
Jewellery
 m - an amulet of reflection (around neck)
 y - an amulet of regeneration
Wands
 j - a wand of flame (14)
 q - a wand of polymorph (6)
Scrolls
 c - 4 scrolls of enchant weapon
 n - 2 scrolls of vulnerability
 p - a scroll of fog
 r - a scroll of noise {unknown}
 t - a scroll of blinking {unknown}
 z - a scroll of poison {unknown}
 A - a scroll of amnesia
 B - 6 scrolls of enchant armour
Potions
 g - a potion of haste {unknown}
 h - 5 potions of curing
 i - 2 potions of lignification {unknown}
 l - a potion of invisibility {unknown}
 o - 2 potions of ambrosia {unknown}
 s - 2 potions of might {unknown}
 u - 2 potions of mutation {unknown}
 x - 2 potions of cancellation {unknown}
 E - 3 potions of brilliance {unknown}
 F - a potion of attraction {unknown}
 L - a potion of berserk rage {unknown}
 P - 2 potions of heal wounds {unknown}


   Skills:
 - Level 3.0 Fighting
 - Level 1.0 Polearms
 - Level 2.0 Dodging
 - Level 4.0 Stealth
 - Level 2.0 Shields
 + Level 5.6 Spellcasting
 - Level 6.0 Conjurations
 - Level 5.0 Ice Magic
 + Level 6.4 Air Magic
 - Level 5.0 Poison Magic
 - Level 6.0 Invocations


You had 5 spell levels left.
You knew the following spells:

 Your Spells              Type           Power      Damage    Failure   Level
a - Shock                 Conj/Air       100%       1d9       1%          1
b - Poisonous Vapours     Pois/Air       56%        N/A       1%          2
c - Searing Ray           Conj           58%        2d6       1%          2
d - Mephitic Cloud        Conj/Pois/Air  28%        N/A       3%          3
e - Hailstorm             Conj/Ice       27%        3d7       3%          3
f - Airstrike             Air            15%        2d(3-19)  8%          4

Your spell library contained the following spells:

 Spells                   Type           Power      Damage    Failure   Level
 Magic Dart               Conj           100%       1d8       1%          1
 Lesser Beckoning         Tloc           10%        N/A       16%         2
 Freezing Cloud           Conj/Ice/Air   14%        6-21      28%         5
 Fulminant Prism          Conj/Hex       8%         3d7       30%         4
 Gell's Gravitas          Tloc           5%         N/A       32%         3
 Teleport Other           Tloc           5%         N/A       32%         3
 Ice Form                 Ice/Tmut       15%        N/A       36%         4
 Simulacrum               Ice/Necr       7%         N/A       99%         6


Dungeon Overview and Level Annotations

Branches:
Dungeon (7/15)             Temple (1/1) D:5           Sewer (visited)
 Bailey (1/1)

Altars:
Ashenzari
Cheibriados
Elyvilon
Fedhas
Gozag
Hepliaklqana
Kikubaaqudgha
Makhleb
Nemelex Xobeh
Okawaru
Qazlal
Ru
Sif Muna
Trog
Uskayaw
Vehumet
Wu Jian
Xom
Yredelemnul
Zin
The Shining One

Annotations:
D:6 1 runed translucent door, dlwiii's ghost, novice MiHu


Message History

The orc closely misses you.
The kobold demonologist looks braver for a moment.
You block the ice devil's attack.
Training target 6.0 for Invocations reached!
Your Invocations skill increases to level 6!
Press: ? - help, v - describe, . - travel
Here: an ice devil (summoned)
The floor.
Okay, then.
Okay, then.
Okay, then.
Okay, then.
Aiming: Polymorph
Press: ? - help, Shift-Dir - straight line, f - kobold demonologist
Aim: a kobold demonologist, wielding a +0 war axe and wearing a +0 ring mail (lightly wounded, will become a fire bat, a black bear, or a komodo dragon, chance to affect: 31%)
Okay, then.
Something appears at your feet!
You are covered in liquid flames!
You are no longer on fire.
The orc hits you but does no damage.
The kobold demonologist barely misses you.
The ice devil hits you.
* * * LOW HITPOINT WARNING * * *
The ice devil freezes you!
* * * LOW HITPOINT WARNING * * *
You closely miss the kobold demonologist.
The kobold demonologist is lightly wounded.
You block the orc's attack. The kobold demonologist misses you.
The ice devil closely misses you.
Casting: Searing Ray (safe; 1% risk of failure)
Confirm with . or Enter, or press ? or * to list all spells.
Okay, then.
You hit the kobold demonologist.
The kobold demonologist is moderately wounded.
The orc closely misses you.
The kobold demonologist hits you but does no damage.
The ice devil hits you.
* * * LOW HITPOINT WARNING * * *
The ice devil freezes you!
You die...

#≈≈≈≈≈#....)...))#)......#..).#
#≈≈≈≈≈#....#...))')8.8.8.#....#
#≈≈≈≈≈#.##############...######
#≈≈≈≈≈~.#[K'.# #..)...#.~
#≈≈≈≈≈~.#[[# #......#.~
#≈≈≈≈≈~.#..# #####)'#.~
#≈≈≈≈≈~.######### ..##.....#.~
#≈≈≈≈≈~.#..8.8.K#....##....)'..
#≈≈≈≈≈~∩.....4@o'._..##..⌠..').
#≈≈≈≈≈~.#..8.8).#....##.....'..
#≈≈≈≈≈~.######### ..##.....#.~
#≈≈≈≈≈~.#o.# #####''#.~
#≈≈≈≈≈~.#))# #......#.~
#≈≈≈≈≈~.#))'.# #......#.~
#≈≈≈≈≈#.##############...######
#≈≈≈≈≈#....#..)).).8.8.8.#....#
#≈≈≈≈≈#....'....)#)..)...#....#


You could see an ice devil (summoned), a kobold demonologist and an orc.

Vanquished Creatures
  An orc high priest (Bailey)
  Joseph (D:7)
  Prince Ribbit (D:6)
  A steam dragon (D:7)
  8 orc warriors
  Duvessa (D:6)
  A sky beast (D:6)
  2 ice beasts (D:5)
  An ogre (D:5)
  2 phantoms (D:6)
  A bullfrog (D:6)
  2 kobold brigands (D:6)
  5 scorpions
  Dowan (D:6)
  4 electric eels (Bailey)
  2 jellies
  4 orc priests
  A sleepcap (D:5)
  A gnoll bouda (D:4)
  3 iguanas
  7 orc wizards
  A hell rat (Sewer)
  9 gnolls
  6 adders
  3 river rats (Sewer)
  A white imp (D:6)
  A worm (D:3)
  3 dart slugs
  31 orcs
  4 bats
  2 endoplasms
  8 giant cockroaches
  12 goblins
  15 hobgoblins
  11 kobolds
  3 quokkas
  5 ball pythons
  3 frilled lizards (D:1)
  7 rats
175 creatures vanquished.

Vanquished Creatures (others)
  A kobold (D:6)
1 creature vanquished.

Grand Total: 176 creatures vanquished

Notes
Turn   | Place    | Note
-------+----------+-------------------------------------------
     0 | D:1      | wingedge the Human Wanderer began the quest for the Orb.
     0 | D:1      | wingedge set off with the following items: a +0 spear, a +0
                  | buckler, a scroll of fear, a +0 leather armour; and the
                  | following spell memorised: Shock; and the following spells
                  | available to memorise: Mephitic Cloud, Airstrike.
     0 | D:1      | Reached XP level 1. HP: 13/13 MP: 2/2
   141 | D:1      | Reached skill level 1 in Fighting
   281 | D:1      | Reached skill level 1 in Conjurations
   281 | D:1      | Reached XP level 2. HP: 21/21 MP: 3/3
   783 | D:2      | Reached XP level 3. HP: 24/26 MP: 5/5
  1621 | D:2      | Reached XP level 4. HP: 29/32 MP: 1/7
  2055 | D:3      | Found a glowing drain.
  2142 | Sewer    | Entered a sewer
  2429 | Sewer    | Reached XP level 5. HP: 21/38 MP: 0/9
  2878 | D:3      | Reached XP level 6. HP: 44/44 MP: 2/10
  3152 | D:3      | You fall into a shaft and drop 2 floors!
  3152 | D:5      | Entered Level 5 of the Dungeon
  3440 | D:5      | Noticed an ice beast
  3480 | D:5      | Learned a level 2 spell: Poisonous Vapours
  3564 | D:5      | Found a staircase to the Ecumenical Temple.
  3566 | D:5      | Noticed an ice beast
  3647 | Temple   | Entered the Ecumenical Temple
  3870 | Temple   | Became a worshipper of Sif Muna the Loreminder
  3903 | D:5      | Noticed an ogre
  4068 | D:5      | Learned a level 2 spell: Searing Ray
  4079 | D:5      | Killed an ogre
  4080 | D:5      | Reached skill level 1 in Poison Magic
  4163 | D:5      | Killed an ice beast
  4164 | D:5      | Reached skill level 5 in Conjurations
  4164 | D:5      | Reached XP level 7. HP: 43/50 MP: 1/11
  4685 | D:4      | Learned a level 3 spell: Mephitic Cloud
  4689 | D:4      | Learned a level 3 spell: Hailstorm
  5240 | D:3      | Identified the +1 helmet of the Bells {rPois rF+}
  5342 | D:4      | Reached * piety under Sif Muna
  5573 | D:4      | Reached skill level 1 in Ice Magic
  6120 | D:5      | Reached XP level 8. HP: 56/56 MP: 5/14
  6728 | D:5      | Found a faded altar of an unknown god.
  6728 | D:5      | Found an ancient bone altar of Kikubaaqudgha.
  6736 | D:5      | Found a broken altar of Ashenzari.
  6738 | D:5      | Found a white marble altar of Elyvilon.
  6740 | D:5      | Found a faded altar of an unknown god.
  6944 | D:6      | Reached skill level 1 in Invocations
  7054 | D:6      | Noticed Duvessa
  7054 | D:6      | Noticed Dowan
  7083 | D:6      | Killed Duvessa
  7095 | D:6      | Killed Dowan
  7355 | D:6      | Reached skill level 1 in Stealth
  7500 | D:6      | Reached XP level 9. HP: 62/62 MP: 5/15
  8634 | D:6      | Reached ** piety under Sif Muna
  8938 | D:6      | Noticed Prince Ribbit
  9002 | D:6      | Killed Prince Ribbit
  9350 | D:6      | Found a runed translucent door.
  9351 | D:6      | Noticed dlwiii's ghost (novice MiHu)
 10230 | D:7      | Noticed Joseph
 10251 | D:7      | Killed Joseph
 10252 | D:7      | Reached skill level 5 in Ice Magic
 10252 | D:7      | Reached skill level 5 in Air Magic
 10252 | D:7      | Reached skill level 5 in Poison Magic
 10285 | D:7      | Found a flagged portal.
 10294 | Bailey   | Entered a bailey
 10425 | Bailey   | Learned a level 4 spell: Airstrike
 10464 | Bailey   | Reached XP level 10. HP: 44/70 MP: 0/16
 10647 | Bailey   | Reached skill level 5 in Invocations
 11146 | Bailey   | Noticed a kobold demonologist
 11197 | Bailey   | Identified the +2 quarterstaff of Earthquakes {holy, Int+5}
 11211 | Bailey   | Reached skill level 5 in Spellcasting
 11394 | Bailey   | Found an iron altar of Okawaru.
 11396 | Bailey   | Noticed an orc high priest
 11411 | Bailey   | Noticed a smoke demon
 11412 | Bailey   | Noticed an ice devil
 11413 | Bailey   | Killed an orc high priest
 11414 | Bailey   | Acquired 746 gold pieces
 11416 | Bailey   | Mangled by an ice devil

Illustrated notes

Levels and vault maps discovered:
D:1:      minmay_arrival_semitransparent, layout_basic
D:2:      layout_basic, nicolae_half_adder
D:3:      layout_basic, portal_sewer_entry_f, kennysheep_nondescript
D:4:      layout_basic
D:5:      layout_basic, chequers_temple_overflow_minitemple,
          minmay_temple_entry_offerings, minmay_fountain_box
D:6:      layout_layer_cave, ebering_ghost_reflecting_pool, uniq_prince_ribbit1,
          uniq_duvessa
D:7:      layout_basic, enter_bailey_8, minmay_misc_feat_ornament, uniq_joseph,
          uniq_crazy_yiuf_cottage
Temple:   eino_narrow_crystal_temple
Bailey:   bailey_axe_of_yendor_kennysheep, bailey

Skill      XL: |  1  2  3  4  5  6  7  8  9 10 |
---------------+-------------------------------+-----
Fighting       | 1 2 3 |  3.0
Conjurations   | 1 2 3 5 6 |  6.0
Spellcasting   | 2 3 4 5 |  5.6
Poison Magic   | 1 2 4 5 |  5.0
Ice Magic      | 2 4 5 |  5.0
Invocations    | 2 4 6 |  6.0
Stealth        | 1 4 |  4.0
Air Magic      | 5 6 |  6.4
Polearms       | |  1.0
Dodging        | |  2.0
Shields        | |  2.0

Action                     |  1- 3 |  4- 6 |  7- 9 | 10-12 || total
---------------------------+-------+-------+-------+-------++-------
  Melee: Spear             |    66 |    27 |    51 |       ||   144
         Punch             |       |     2 |       |       ||     2
         Quarterstaff      |       |       |     6 |    22 ||    28
  Throw: Dart              |     5 |    12 |     2 |     1 ||    20
   Cast: Shock             |    30 |    86 |    23 |       ||   139
         Searing Ray       |       |     4 |    71 |     9 ||    84
         Poisonous Vapours |       |       |    60 |    14 ||    74
         Mephitic Cloud    |       |       |    20 |     4 ||    24
         Hailstorm         |       |       |     4 |     4 ||     8
  Evoke: Wand              |       |       |     9 |     5 ||    14
    Use: Scroll            |       |     6 |     6 |     1 ||    13
         Potion            |       |       |     1 |       ||     1
   Stab: Confused          |       |       |     6 |     4 ||    10
 Armour: Leather armour    |    21 |     8 |       |       ||    29
         Robe              |       |     2 |    26 |     7 ||    35
         Skin              |       |       |     9 |       ||     9
  Dodge: Dodged            |    37 |    21 |    81 |    24 ||   163
  Block: Buckler           |     4 |       |       |       ||     4
         Other             |     1 |    12 |    34 |     7 ||    54
         Reflection        |       |     1 |     9 |       ||    10
